 Seeded DCSS version 0.31-a0-564-g3b7de120b3 (webtiles) character file.

Game seed: 16161720884980326079 (custom seed)

13 innerfire43 the Changeling (level 2, -3/22 HPs)
             Began as a Djinni Shapeshifter on Aug 17, 2023.
             Was a Follower of Makhleb.
             Slain by Terence
             ... wielding a +0 morningstar
              (6 damage)
             ... on level 2 of the Dungeon.
             The game lasted 00:00:59 (621 turns).

innerfire43 the Changeling (Djinni Shapeshifter)     Turns: 621, Time: 00:01:00

Health: -3/22      AC:  2    Str: 14    XL:     2   Next: 50%
Gold:   35         EV: 12    Int:  9    God:    Makhleb [*.....] SH:  0 Dex: 13

rFire   + +          .
                       - Unarmed
rCold   x . .        (no shield)
rNeg    . . .        a - +0 animal skin
rPois   ∞            (helmet currently unavailable)
rElec   .            (cloak currently unavailable)
rCorr   .            (gloves currently unavailable)
SInv    .            (boots unavailable)
Will    .....        j - amulet of faith
Stlth   +            (no ring)
HPRegen 0.23/turn    (no ring)
MPRegen 0.00/turn

%: faith, infuse magic (-4 HP)
@: beast-form, flying
A: beast (slay +2), flying, sickness immunity, fire resistance 2, cold
vulnerability 1, float, innate caster, HP casting, extra vitality 1
a: Begin Untransformation, Renounce Religion


You were on level 2 of the Dungeon.
You worshipped Makhleb.
Makhleb was aware of your devotion.
You were a hulking beast.
You visited 1 branch of the dungeon, and saw 2 of its levels.

You collected 35 gold pieces.

Inventory:

Armour
 a - a +0 animal skin (worn)
Jewellery
 j - an amulet of faith (around neck)
Talismans
 c - a beast talisman (active)
 d - a flux talisman
Scrolls
 e - a scroll of brand weapon {unknown}
 g - 2 scrolls of silence {unknown}
Potions
 b - a potion of lignification
 f - a potion of heal wounds {unknown}
 h - a potion of haste {unknown}
 i - a potion of ambrosia {unknown}


   Skills:
 - Level 1.0 Fighting
 - Level 2.2 Dodging
 - Level 3.0 Unarmed Combat
 + Level 3.1 Shapeshifting You didn't know any spells. Your spell library was empty.

Dungeon Overview and Level Annotations

Branches:
Dungeon (2/15)

Altars:
Makhleb

Annotations:
D:2 Terence


Innate Abilities, Weirdness & Mutations

You are a hulking beast.
Your limbs bulge with bestial killing power. (Slay +2)
You are flying.
You are immune to sickness and miasma.
You are immune to poison.
Your flesh is very heat resistant. (rF++)
You are vulnerable to cold. (rC-)
You float through the air rather than walking.
You learn spells naturally, not from books.
Your magical power is your life essence.
You have superior vitality. (+4 MHP)


Message History

Done exploring.
No target in view!
No target in view!
You see here 3 stones.
There is a stone staircase leading down here.
You fly downwards.
There is a stone staircase leading up here.
A kobold comes into view. It is wielding a +0 dagger.
The kobold shouts!
You hear a shout!
The kobold throws a stone.
The stone barely misses you.
The kobold throws a stone.
The stone barely misses you.
A kobold is nearby!
The kobold throws a stone.
The stone barely misses you.
A kobold is nearby!
The kobold hits you but does no damage.
Terence the Incautious comes into view.
He is wielding a +0 morningstar.
There are monsters nearby!
You hit the kobold.
You kill the kobold!
Makhleb accepts your kill.
Terence is nearby!
Terence is nearby!
You barely miss Terence. You hit Terence but do no damage.
Terence looks scornfully at you. Terence closely misses you.
Terence is nearby!
You hit Terence. You punch Terence, but do no damage.
Terence is lightly wounded.
Terence hits you with a +0 morningstar!
Terence is nearby!
You hit Terence.
Terence is moderately wounded.
Terence hits you with a +0 morningstar!
Ouch! That really hurt!
* * * LOW HITPOINT WARNING * * *
You are too injured to fight recklessly!
Unknown command.
Terence attacks as you move away! Terence hits you with a +0 morningstar.
You die...

#...#<....#
#.#.#####.#
#.#.......#
#.#########
#.# #.# #.#
###
#.#######..+
#.##...h)..#
#.##.###@..#
#.##.# +...+
#....# #...#
###### #...#
..### ..#
..# ...#


You could see Terence.

Vanquished Creatures
  A dart slug (D:1)
  An endoplasm (D:1)
  A hobgoblin (D:1)
  5 kobolds
  A quokka (D:1)
  A frilled lizard (D:1)
10 creatures vanquished.

Notes
Turn   | Place    | Note
-------+----------+-------------------------------------------
     0 | D:1      | innerfire43 the Djinni Shapeshifter began the quest for the
                  | Orb.
     0 | D:1      | Reached XP level 1. HP: 17/17 MP: 0/0
   159 | D:1      | Found a faded altar of an unknown god.
   203 | D:1      | Reached XP level 2. HP: 22/22 MP: 0/0
   217 | D:1      | Prayed at the altar of an unknown god.
   217 | D:1      | Became a worshipper of Makhleb the Destroyer
   217 | D:1      | Reached * piety under Makhleb
   613 | D:2      | Noticed Terence
   621 | D:2      | Slain by Terence

Illustrated notes

Levels and vault maps discovered:
D:1:      nzn_arrival_settlement, layout_rooms,
          shapermc_ecumenical_altar_starsandcircs
D:2:      layout_basic, feat_on_display, uniq_jessica, uniq_robin,
          uniq_crazy_yiuf_cottage, uniq_terence

Skill      XL: |  1 |
---------------+----+-----
Shapeshifting  | 3 |  3.1
Fighting       | |  1.0
Dodging        | |  2.2
Unarmed Combat | |  3.0

Action                     || total
---------------------------++-------
  Melee: Unarmed           ||    39
         Punch             ||     3
 Armour: Animal skin       ||     6
  Dodge: Dodged            ||    24

Table legend: (Time is in decaauts)
 A = Elapsed time spent in this place.
 B = Non-inter-level travel time spent in this place.
 C = Inter-level travel time spent in this place.
 D = Time resting spent in this place.
 E = Time spent auto-exploring this place.
 F = Levels seen in this place.
 G = Mean time per level.
                   A        B        C        D        E       F      G
               +--------+--------+--------+--------+--------+-----+--------+
         Total |    618 |    601 |     17 |      0 |    495 |   2 |  309.0 |
       Dungeon |    618 |    601 |     17 |      0 |    495 |   2 |  309.0 |
               +--------+--------+--------+--------+--------+-----+--------+

Top non-repeatable levels by time:
     D:1: 579 daAuts
     D:2: 39 daAuts
